 Dungeon Crawl Stone Soup version 0.31-a0-986-g5e6e4ef867 (webtiles) character file.

Game seed: 8501912124210223408

725 CowFu the Magician (level 8, -6/50 HPs)
             Began as a Djinni Fire Elementalist on Nov 22, 2023.
             Was a Follower of Makhleb.
             Mangled by a gnoll
             ... wielding a +0 halberd
             ... led by a gnoll bouda
              (14 damage)
             ... on level 5 of the Dungeon.
             The game lasted 00:06:49 (4229 turns).

CowFu the Magician (Djinni Fire Elementalist)       Turns: 4229, Time: 00:06:50

Health: -6/50      AC:  7    Str:  7    XL:     8   Next: 2%
Gold:   254        EV: 12    Int: 19    God:    Makhleb [*.....] SH:  0 Dex: 14

rFire   + + .        t - +7 staff of the Meek {protect, meekguard}
rCold   x . .        (shield currently unavailable)
rNeg    . . .        a - +0 robe
rPois   ∞            (no helmet)
rElec   .            (no cloak)
rCorr   .            l - +0 pair of gloves
SInv    .            (boots unavailable)
Will    +....        (no amulet)
Stlth   ++           d - ring of willpower
HPRegen 0.28/turn    j - +4 ring of protection
MPRegen 0.00/turn

%: infuse magic (-7 HP)
@: flying
A: sickness immunity, fire resistance 2, cold vulnerability 1, float, innate
caster, HP casting, extra vitality 1
a: Renounce Religion


You were on level 5 of the Dungeon.
You worshipped Makhleb.
Makhleb was aware of your devotion.
You visited 2 branches of the dungeon, and saw 6 of its levels.
You also visited: Sewer.

You collected 254 gold pieces.

Inventory:

Hand Weapons
 t - the +7 staff of the Meek (weapon) {protect, meekguard}
   (You found it on level 4 of the Dungeon)
Armour
 a - a +0 robe (worn)
 i - a +3 buckler
 l - a +0 pair of gloves (worn)
Jewellery
 d - a ring of willpower (left hand)
 j - a +4 ring of protection (right hand)
Scrolls
 b - 3 scrolls of fog
 f - 3 scrolls of teleportation
 h - 2 scrolls of identify
 p - a scroll of silence
 u - a scroll of enchant weapon {unknown}
Potions
 c - 3 potions of curing
 e - a potion of haste
 g - a potion of mutation
 k - a potion of berserk rage
 m - a potion of ambrosia
 n - a potion of might
 o - a potion of magic
 q - 2 potions of brilliance
 r - 4 potions of heal wounds {unknown}
 s - a potion of attraction {unknown}


   Skills:
 - Level 2.1 Dodging
 - Level 1.5 Stealth
 + Level 6.8 Spellcasting
 + Level 6.8 Conjurations
 + Level 6.8 Hexes
   Level 0.0 Charms
 + Level 6.8 Summonings
 + Level 6.8 Necromancy
 + Level 6.8 Translocations
 + Level 6.8 Transmutations
 + Level 6.8 Fire Magic
 + Level 6.8 Ice Magic
 + Level 6.8 Air Magic
 + Level 6.8 Earth Magic
 + Level 6.8 Poison Magic


You knew the following spells:

 Your Spells              Type           Power      Damage    Failure   Level
a - Foxfire               Conj/Fire      100%       2x1d9     1%          1
b - Scorch                Fire           64%        2d7       1%          2
c - Volatile Blastmotes   Fire/Tloc      64%        2d15      1%          3
d - Inner Flame           Hex/Fire       32%        N/A       1%          3
e - Flame Wave            Conj/Fire      32%        2d9       6%          4
f - Sandblast             Erth           64%        2d14      1%          1
g - Call Imp              Summ           64%        N/A       1%          2
h - Sigil of Binding      Hex            32%        N/A       1%          3
Your spell library was empty.

Dungeon Overview and Level Annotations

Branches:
Dungeon (5/15)             Temple (1/1) D:4           Sewer (visited)

Altars:
Ashenzari
Cheibriados
Elyvilon
Fedhas
Gozag
Hepliaklqana
Makhleb
Nemelex Xobeh
Okawaru
Qazlal
Trog
Uskayaw
Wu Jian
Zin
The Shining One

Shops:
D:1 [([


Innate Abilities, Weirdness & Mutations

You are immune to sickness and miasma.
You are immune to poison.
Your flesh is very heat resistant. (rF++)
You are vulnerable to cold. (rC-)
You float through the air rather than walking.
You learn spells naturally, not from books.
Your magical power is your life essence.
You have superior vitality. (+4 MHP)


Message History

The gnolls pick up the pace!
The gnoll shouts!
The gnoll hits you but does no damage. The gnoll barely misses you.
The gnoll hits you with a +2 heavy flail.
The gnoll hits you from afar with a +0 halberd.
You conjure some foxfire!
The foxfire hits the gnoll.
The gnoll is lightly wounded.
The gnoll closely misses you. The gnoll barely misses you.
You conjure some foxfire!
The foxfire hits the gnoll.
The gnoll is heavily wounded.
The gnoll hits you but does no damage. The gnoll closely misses you.
The gnoll hits you but does no damage. The gnoll hits you with a +0 whip.
You conjure some foxfire!
The foxfire hits the gnoll bouda.
The gnoll bouda is moderately wounded.
The foxfire hits the gnoll!
The gnoll is heavily wounded.
The gnoll hits you but does no damage. x2
The gnoll hits you with a +2 heavy flail!
The gnoll hits you with a +0 whip.
You conjure some foxfire!
The foxfire hits the gnoll!
You kill the gnoll!
Makhleb accepts your kill.
The foxfire hits the gnoll bouda but does no damage.
The gnoll bouda is moderately wounded.
The gnoll hits you from afar with a +0 spear!
* * * LOW HITPOINT WARNING * * *
The gnoll barely misses you.
The foxfire hits the gnoll bouda.
The gnoll bouda is heavily wounded.
The gnoll hits you but does no damage. The gnoll barely misses you.
You are too injured to fight recklessly!
Casting: Foxfire (safe; 1% risk of failure)
Confirm with . or Enter, or press ? or * to list all spells.
You conjure some foxfire!
* * * LOW HITPOINT WARNING * * *
The foxfire hits the gnoll.
The gnoll is moderately wounded.
The gnoll hits you from afar with a +0 spear.
* * * LOW HITPOINT WARNING * * *
The gnoll hits you from afar with a +0 halberd!
You die...

#...#.....###.....#.....#..#
.###.# ###.#......#......#.#
# ## #.....#.....##.#
#......#.#####.# #.....####
..# ......#.#### ... .....
##...#####. ..# #.##
##.v........## # #g@v......
#...g)...... ##gg.g.....#
##.......## #.>.....#
#...##### #...# ###.#


You could see a gnoll bouda (ally target) and 4 gnolls.

Vanquished Creatures
  A black bear (D:5)
  An ogre (D:5)
  2 kobold brigands (Sewer)
  A scorpion (D:4)
  2 vampire bats (D:4)
  A jelly (D:4)
  An orc priest (D:4)
  An iguana (D:5)
  A gnoll (D:5)
  8 adders
  5 worms
  2 dart slugs
  6 orcs
  A bat skeleton (D:4)
  3 bat zombies (D:4)
  9 endoplasms
  5 giant cockroaches
  6 goblins
  5 hobgoblins
  16 kobolds
  5 quokkas
  5 ball pythons
  7 bats
  2 frilled lizards
  6 rats
102 creatures vanquished.

Vanquished Creatures (collateral kills)
  9 foxfires (D:4)
9 creatures vanquished.

Vanquished Creatures (others)
  536 foxfires
536 creatures vanquished.

Grand Total: 647 creatures vanquished

Notes
Turn   | Place    | Note
-------+----------+-------------------------------------------
     0 | D:1      | CowFu the Djinni Fire Elementalist began the quest for the
                  | Orb.
     0 | D:1      | CowFu set off with the following spells memorised: Foxfire,
                  | Scorch, Volatile Blastmotes, Inner Flame, Flame Wave.
     0 | D:1      | Reached XP level 1. HP: 15/15 MP: 0/0
   223 | D:1      | Reached XP level 2. HP: 16/21 MP: 0/0
   243 | D:1      | Found Keroulid's Antique Weapon Emporium.
   397 | D:1      | Found Ifam's Antique Armour Emporium.
   500 | D:1      | Found Ceicsoa's Armour Emporium.
   633 | D:2      | Reached XP level 3. HP: 22/25 MP: 0/0
   633 | D:2      | Learned a level 1 spell: Sandblast
  1760 | D:3      | Reached XP level 4. HP: 28/31 MP: 0/0
  2388 | D:4      | Found a staircase to the Ecumenical Temple.
  2415 | Temple   | Entered the Ecumenical Temple
  2432 | Temple   | Became a worshipper of Makhleb the Destroyer
  2559 | D:4      | Found a glowing drain.
  2570 | D:4      | Reached XP level 5. HP: 30/35 MP: 0/0
  2570 | D:4      | Learned a level 2 spell: Call Imp
  2572 | Sewer    | Entered a sewer
  2756 | Sewer    | Noticed a kobold brigand
  2769 | Sewer    | Killed a kobold brigand
  2770 | Sewer    | Reached skill level 5 in Spellcasting
  2770 | Sewer    | Reached skill level 5 in Conjurations
  2770 | Sewer    | Reached skill level 5 in Hexes
  2770 | Sewer    | Reached skill level 5 in Summonings
  2770 | Sewer    | Reached skill level 5 in Necromancy
  2770 | Sewer    | Reached skill level 5 in Translocations
  2770 | Sewer    | Reached skill level 5 in Transmutations
  2770 | Sewer    | Reached skill level 5 in Fire Magic
  2770 | Sewer    | Reached skill level 5 in Ice Magic
  2770 | Sewer    | Reached skill level 5 in Air Magic
  2770 | Sewer    | Reached skill level 5 in Earth Magic
  2770 | Sewer    | Reached skill level 5 in Poison Magic
  2770 | Sewer    | Reached XP level 6. HP: 26/40 MP: 0/0
  2968 | Sewer    | Reached * piety under Makhleb
  3086 | D:4      | Found a white marble altar of Elyvilon.
  3323 | D:4      | Reached XP level 7. HP: 44/45 MP: 0/0
  3323 | D:4      | Learned a level 3 spell: Sigil of Binding
  3643 | D:4      | Found the +7 staff of the Meek {protect, meekguard}
  3942 | D:5      | Entered Level 5 of the Dungeon
  3983 | D:5      | Reached XP level 8. HP: 46/50 MP: 0/0
  4229 | D:5      | Mangled by a gnoll

Illustrated notes

Levels and vault maps discovered:
D:1:      mushboom_english_gardens, layout_rooms, serial_shops, shop,
          nicolae_shop_pleasant_corner_grove, shop
D:2:      layout_loops_corners, minmay_pentomino_x4
D:3:      layout_rooms
D:4:      layout_basic, nicolae_elyvilon_peaceful_grove,
          kennysheep_vampire_church, minmay_temple_entry_statues_fountains,
          cheibrodos_sewer_entry_bend, pf_guarded_unrand_meek
D:5:      nicolae_BIG_FREAKIN_CUBE, layout_basic, kennysheep_cluttered_room,
          hangedman_decor_diamond_cutter, minivault_11
Temple:   eino_temple_scatter_basement

Skill      XL: |  1  2  3  4  5  6  7 |
---------------+----------------------+-----
Spellcasting   | 4 5 6 |  6.8
Conjurations   | 4 5 6 |  6.8
Hexes          | 4 5 6 |  6.8
Summonings     | 4 5 6 |  6.8
Necromancy     | 4 5 6 |  6.8
Translocations | 4 5 6 |  6.8
Transmutations | 4 5 6 |  6.8
Fire Magic     | 4 5 6 |  6.8
Ice Magic      | 4 5 6 |  6.8
Air Magic      | 4 5 6 |  6.8
Earth Magic    | 4 5 6 |  6.8
Poison Magic   | 4 5 6 |  6.8
Dodging        | |  2.1
Stealth        | |  1.5

Action                     |  1- 3 |  4- 6 |  7- 9 || total
---------------------------+-------+-------+-------++-------
  Melee: Unarmed           |    12 |    25 |       ||    37
         Quarterstaff      |       |       |     9 ||     9
   Cast: Foxfire           |   128 |   159 |    46 ||   333
         Scorch            |       |       |     6 ||     6
    Use: Scroll            |       |    16 |       ||    16
   Stab: Sleeping          |       |       |     1 ||     1
 Armour: Robe              |    14 |    39 |    51 ||   104
  Dodge: Dodged            |    14 |    68 |    61 ||   143

Table legend: (Time is in decaauts)
 A = Elapsed time spent in this place.
 B = Non-inter-level travel time spent in this place.
 C = Inter-level travel time spent in this place.
 D = Time resting spent in this place.
 E = Time spent auto-exploring this place.
 F = Levels seen in this place.
 G = Mean time per level.
                   A        B        C        D        E       F      G
               +--------+--------+--------+--------+--------+-----+--------+
         Total |   4228 |   4128 |    100 |     46 |   3059 |   7 |  604.0 |
       Dungeon |   3705 |   3605 |    100 |     46 |   2833 |   5 |  741.0 |
        Temple |     34 |     34 |      0 |      0 |      0 |   1 |   34.0 |
         Sewer |    488 |    488 |      0 |      0 |    226 |   1 |  488.0 |
               +--------+--------+--------+--------+--------+-----+--------+

Top non-repeatable levels by time:
     D:2: 1207 daAuts
     D:4: 1094 daAuts
     D:3: 569 daAuts
     D:1: 544 daAuts
   Sewer: 488 daAuts
     D:5: 289 daAuts
  Temple: 34 daAuts
